 Dungeon Crawl Stone Soup version 0.31.0-2-g5a2aebc5c2 (webtiles) character file.

Game seed: 7610517268060638203

60367 night the Cardsharp (level 14, -23/113 HPs)
             Began as a Demonspawn Alchemist on Jan 20, 2024.
             Was a High Priest of Nemelex Xobeh.
             Annihilated by an enormous slime creature (77 damage)
             ... on level 13 of the Dungeon.
             The game lasted 01:33:12 (20239 turns).

night the Cardsharp (Demonspawn Alchemist)         Turns: 20239, Time: 01:33:12

Health: -23/113    AC: 21    Str: 11    XL:     14   Next: 56%
Magic:  14/28      EV: 18    Int: 19    God:    Nemelex Xobeh [*****.]
Gold:   1321       SH:  4    Dex: 13    Spells: 15/33 levels left

rFire   . . .        e - +4 scimitar (flame)
rCold   + . .        X - +0 buckler
rNeg    . . .        J - +0 acid dragon scales
rPois   .            (helmet unavailable)
rElec   .            (no cloak)
rCorr   +            (no gloves)
SInv    +            t - +0 pair of boots
Will    +....        F - amulet of regeneration
Stlth   +            r - +5 ring of evasion
HPRegen 1.18/turn    I - +4 ring of protection
MPRegen 0.42/turn

%: no passive effects
@: sanguine armoured
A: antennae 3, spiny 1, magic regeneration, sanguine armour 2, cold resistance
1, passive freeze
a: Renounce Religion, Draw Escape, Draw Destruction, Draw Summoning, Draw Stack,
Triple Draw, Deal Four, Stack Five


You were on level 13 of the Dungeon.
You worshipped Nemelex Xobeh.
Nemelex Xobeh was extremely pleased with you.
You visited 3 branches of the dungeon, and saw 19 of its levels.
You also visited: Gauntlet.

You collected 1370 gold pieces.
You spent 49 gold pieces at shops.

Inventory:

Hand Weapons
 e - a +4 scimitar of flaming (weapon)
 G - the +8 sling "Piyhu Fui" {flame, Fly Str-3 Dex+2}
   (You found it on level 4 of the Lair of Beasts)

   Str-3:     It affects your strength (-3).
   Dex+2:     It affects your dexterity (+2).
   Fly:       It grants you flight.
 Z - a +0 demon whip of draining
Missiles
 z - 4 curare-tipped darts
 M - 12 javelins
 V - 2 throwing nets
Armour
 f - a +0 robe of willpower
 t - a +0 pair of boots (worn)
 J - +0 acid dragon scales (worn)
 R - +0 fire dragon scales
 X - a +0 buckler (worn)
Magical Staves
 h - a staff of conjuration
 T - a staff of alchemy
Jewellery
 a - a ring of positive energy
 q - the ring of the Mage {Wiz Archmagi}
   (You found it on level 12 of the Dungeon)

   [ring of wizardry]

   Wiz:       It improves your spell success rate.
   Archmagi:  It increases the power of your magical spells.
 r - a +5 ring of evasion (left hand)
 v - a ring of resist corrosion
 w - a ring of poison resistance
 F - an amulet of regeneration (around neck)
 I - a +4 ring of protection (right hand)
 S - a ring of fire
 Y - a ring of protection from fire
Wands
 d - a wand of roots (8)
 C - a wand of flame (26)
 P - a wand of light (14)
 W - a wand of mindburst (16)
Scrolls
 c - 3 scrolls of vulnerability
 j - 6 scrolls of revelation
 l - 2 scrolls of immolation
 n - 9 scrolls of teleportation
 o - a scroll of torment
 p - 3 scrolls of fear
 u - 2 scrolls of noise
 x - 7 scrolls of fog
 y - 2 scrolls of enchant weapon
 B - 3 scrolls of poison
 L - 3 scrolls of enchant armour
 O - a scroll of silence {unknown}
Potions
 b - a potion of magic
 g - 2 potions of resistance
 i - 4 potions of brilliance
 k - a potion of invisibility
 m - 2 potions of might
 s - a potion of lignification
 A - 2 potions of attraction
 D - 2 potions of heal wounds
 E - a potion of ambrosia
 H - a potion of haste {unknown}
 K - a potion of berserk rage {unknown}
 N - 3 potions of cancellation
 U - 5 potions of curing {unknown}
Miscellaneous
 Q - a condenser vane


   Skills:
 + Level 11.1 Fighting
 + Level 5.0 Long Blades
 + Level 6.0 Armour
 + Level 6.3 Dodging
 - Level 1.7 Stealth
 + Level 1.2 Shields
 + Level 10.4 Spellcasting
 + Level 10.6 Conjurations
 - Level 2.0 Fire Magic
 - Level 11.0 Alchemy
 + Level 13.3 Invocations


You had 15 spell levels left.
You knew the following spells:

 Your Spells              Type           Power      Damage    Failure   Level
a - Sting                 Conj/Alch      100%       1d9       1%          1
b - Mercury Vapours       Alch/Air       60%        N/A       2%          2
c - Mephitic Cloud        Conj/Alch/Air  37%        N/A       2%          3
d - Olgreb's Toxic Radia  Alch           51%        N/A       1%          4
e - Sticky Flame          Fire/Alch      34%        2d7       11%         4
f - Fulminant Prism       Conj/Alch      25%        3d13      1%          4

Your spell library contained the following spells:

 Spells                   Type           Power      Damage    Failure   Level
 Magic Dart               Conj           100%       1d8       1%          1
 Searing Ray              Conj           100%       2d8       1%          2
 Momentum Strike          Conj/Tloc      60%        3d9       2%          2
 Irradiate                Conj/Alch      25%        3d20      4%          5
 Dazzling Flash           Conj/Hex       60%        N/A       5%          3
 Hailstorm                Conj/Ice       30%        3d8       5%          3
 Iskenderun's Battlesphe  Conj           50%        2d10      5%          5
 Freeze                   Ice            36%        1d5       16%         1
 Petrify                  Alch/Erth      30%        N/A       16%         4
 Blink                    Tloc           18%        N/A       22%         2
 Lesser Beckoning         Tloc           18%        N/A       22%         2
 Sublimation of Blood     Necr           9%         N/A       22%         2
 Call Canine Familiar     Summ           9%         N/A       41%         3
 Frozen Ramparts          Ice            18%        1d3       41%         3
 Sigil of Binding         Hex            9%         N/A       41%         3
 Arcjolt                  Conj/Air       15%        1d25      43%         5
 Animate Dead             Necr           9%         N/A       83%         4
 Dimensional Bullseye     Hex/Tloc       4%         N/A       83%         4
 Vhi's Electric Charge    Tloc/Air       18%        N/A       83%         4
 Bombard                  Conj/Erth      15%        9d3       95%         6
 Curse of Agony           Necr           9%         N/A       99%         5
 Silence                  Hex/Air        4%         N/A       99%         5
 Haunt                    Necr/Summ      4%         N/A       100%        7
 Spellforged Servitor     Conj/Summ      15%        N/A       100%        7
 Infestation              Necr           4%         N/A       100%        8
 Maxwell's Capacitive Co  Air            4%         ∞         100%        8


Dungeon Overview and Level Annotations

Branches:
Dungeon (13/15)            Temple (1/1) D:5            Lair (5/5) D:11
 Shoals (0/4) Lair:3       Spider (0/4) Lair:2        Slime (0/5) Lair:4
    Orc (0/2) D:12        Gauntlet (visited)
 Vaults: D:13-14

Altars:
Ashenzari
Cheibriados
Dithmenos
Fedhas
Gozag
Hepliaklqana
Kikubaaqudgha
Makhleb
Nemelex Xobeh
Okawaru
Qazlal
Ru
Sif Muna
Trog
Uskayaw
Vehumet
Wu Jian
Xom
Yredelemnul
Jiyva

Shops:
D:12 [

Annotations:
D:3 3 runed translucent doors, Noname's ghost, amateur TeRe
Lair:3 exclusion: door
Lair:4 1 runed translucent door


Innate Abilities, Weirdness & Mutations

You have a pair of large antennae on your head. (SInv)
You are partially covered in sharp spines.
You regenerate magic rapidly.
When seriously injured, your blood forms thick armour. (AC +9)
Your flesh is cold resistant. (rC+)
A frigid envelope surrounds you and freezes all who hurt you.


Message History

The shadow completely resists.
A large slime creature splits.
Casting: Sticky Flame (dangerous; 11% risk of failure)
Confirm with . or Enter, or press ? or * to list all spells.
Aiming: Sticky Flame (dangerous; 11% risk of failure)
Press: ? - help, Shift-Dir - straight line, f/p - shadow
Aim: a shadow (moderately damaged, unstickable)
The sticky flame hits the shadow!
The shadow is almost destroyed.
The shadow slips into darkness.
The shadow flickers and vanishes for a moment.
Two slime creatures merge to form a very large slime creature.
Two slime creatures merge to form an enormous slime creature.
Casting: Sticky Flame (dangerous; 11% risk of failure)
Confirm with . or Enter, or press ? or * to list all spells.
Aiming: Sticky Flame (dangerous; 11% risk of failure)
Press: ? - help, Shift-Dir - straight line, f/p - shadow
Aim: a shadow (almost destroyed, slightly transparent, unstickable)
The sticky flame hits the shadow.
You destroy the shadow!
Casting: Sticky Flame (dangerous; 11% risk of failure)
Confirm with . or Enter, or press ? or * to list all spells.
Aiming: Sticky Flame (dangerous; 11% risk of failure)
Press: ? - help, Shift-Dir - straight line, f - enormous slime creature
Aim: an enormous slime creature (severely wounded)
The sticky flame hits the enormous slime creature!
The enormous slime creature is severely wounded.
The enormous slime creature burns!
The enormous slime creature is struck by your spines.
The enormous slime creature hits you!!!
Ouch! That really hurt!
Your blood congeals into armour.
The enormous slime creature is very cold.
The enormous slime creature is almost dead.
You slash the enormous slime creature! You burn the enormous slime creature.
The enormous slime creature is almost dead.
The enormous slime creature burns! x2
The enormous slime creature hits you!!!!
Ouch! That really hurt!
You die...
Your body glows slightly and disappears.

...####.## #.### #.#
.#.......###.#######.##
...#####..#....... ...#
....# #.#..# #.(# ###.#
#.#..# ####..# # #.#
#.#..## #.....# #.#
#.#...## #.###.#
###.####......###.# #J#
...............##.# #@#
.#####............# #.#
.# #.#.......#### #.#
J# #.##.......... ..#
.# #.###...###### ###
.#####.# ##/##
...J...####.#
####........######
########......#


You could see an enormous slime creature (burning).

Vanquished Creatures
  Harold (Lair:2)
  A catoblepas (Lair:5)
  5 hydras
  Erica (D:9)
  2 centaur warriors (D:13)
  3 two-headed ogres
  7 death yaks
  Urug (Lair:4)
  A deep troll shaman (Lair:5)
  Amaemon (Lair:1)
  Sonja (Lair:5)
  A lindwurm (Lair:5)
  Pikel (D:7)
  2 ugly things
  A cyclops (D:11)
  5 black mambas
  12 elephants
  2 manticores
  A rust devil (Gauntlet)
  A torpor snail (Gauntlet)
  A gargoyle (D:13)
  10 cane toads
  An orange demon (Lair:1)
  12 komodo dragons
  2 rime drakes
  A hornet (Lair:3)
  2 trolls (D:13)
  5 polar bears
  7 dream sheep (Lair:5)
  A slime creature (D:13)
  18 blink frogs
  3 shadows
  2 wyverns
  3 vampires
  A ynoxinul (Gauntlet)
  2 wraiths
  42 yaks
  2 steam dragons
  9 vampire mosquitoes
  3 redbacks (Lair:2)
  9 basilisks
  14 water moccasins
  5 orc warriors
  3 acid dragons
  2 ice beasts
  3 black bears
  3 ogres
  22 wolves
  2 lemures (D:7)
  12 centaurs
  2 kobold brigands (D:7)
  A gnoll sergeant (D:10)
  12 bullfrogs
  3 scorpions
  14 wights
  6 killer bees
  An electric eel (Lair:3)
  4 howler monkeys
  9 hounds
  A jelly (D:8)
  4 orc priests
  4 iron imps (Gauntlet)
  5 iguanas
  3 orc wizards
  6 adders
  14 gnolls
  A shadow imp (D:5)
  2 white imps
  3 ufetubi
  5 dart slugs
  2 ribbon worms
  34 orcs
  5 endoplasms
  5 giant cockroaches
  4 goblins
  7 hobgoblins
  10 jackals
  4 quokkas
  8 ball pythons
  5 bats
  2 frilled lizards (D:1)
  9 kobolds
  9 rats
  A butterfly (Lair:4)
457 creatures vanquished.

Vanquished Creatures (collateral kills)
  Rupert (Lair:5)
  Nessos (Lair:5)
  A minotaur (Gauntlet)
  3 death yaks (Lair:1)
  A yak (Lair:5)
7 creatures vanquished.

Vanquished Creatures (others)
  25 fulminant prisms
25 creatures vanquished.

Grand Total: 489 creatures vanquished

Notes
Turn   | Place    | Note
-------+----------+-------------------------------------------
     0 | D:1      | night the Demonspawn Alchemist began the quest for the Orb.
     0 | D:1      | Reached XP level 1. HP: 13/13 MP: 3/3
   152 | D:1      | Gained mutation: When seriously injured, your blood forms
                  | armour. (AC +9) [demonic ancestry]
   152 | D:1      | Reached XP level 2. HP: 19/20 MP: 0/5
   475 | D:1      | Reached skill level 1 in Fighting
   515 | D:1      | Learned a level 2 spell: Mercury Vapours
   983 | D:1      | Gained mutation: You regenerate magic rapidly. [demonic
                  | ancestry]
   983 | D:1      | Reached XP level 3. HP: 22/26 MP: 3/6
  2365 | D:2      | Reached skill level 2 in Fighting
  2365 | D:2      | Reached XP level 4. HP: 33/33 MP: 3/8
  2369 | D:2      | Learned a level 3 spell: Mephitic Cloud
  2881 | D:3      | Found a faded altar of an unknown god.
  3155 | D:3      | Noticed Noname's ghost (amateur TeRe)
  3171 | D:3      | Found a runed translucent gate.
  3171 | D:3      | Found a runed translucent gate.
  3171 | D:3      | Found a runed translucent gate.
  3440 | D:3      | Gained mutation: Your body sometimes deteriorates upon
                  | taking damage. [potion of mutation]
  3440 | D:3      | Gained mutation: Potions are less effective at restoring
                  | your health. [potion of mutation]
  3440 | D:3      | Gained mutation: You are strong-willed. (Will+) [potion of
                  | mutation]
  3450 | D:3      | Reached XP level 5. HP: 26/39 MP: 7/9
  3632 | D:4      | Learned a level 4 spell: Olgreb's Toxic Radiance
  4131 | D:4      | Gained mutation: You have a pair of small antennae on your
                  | head. [demonic ancestry]
  4131 | D:4      | Reached XP level 6. HP: 47/47 MP: 9/11
  4217 | D:4      | Lost mutation: Your body sometimes deteriorates upon taking
                  | damage. [potion of mutation]
  4217 | D:4      | Lost mutation: Potions are less effective at restoring your
                  | health. [potion of mutation]
  4217 | D:4      | Lost mutation: You are strong-willed. (Will+) [potion of
                  | mutation]
  4217 | D:4      | Gained mutation: Your flesh is cold resistant. (rC+)
                  | [potion of mutation]
  4217 | D:4      | Gained mutation: A frigid envelope surrounds you and
                  | freezes all who hurt you. [potion of mutation]
  4391 | D:5      | Entered Level 5 of the Dungeon
  4443 | D:5      | Found a shimmering altar of Xom.
  4465 | D:5      | Found a shimmering altar of Xom.
  4476 | D:5      | Found a staircase to the Ecumenical Temple.
  4483 | Temple   | Entered the Ecumenical Temple
  4498 | Temple   | Became a worshipper of Nemelex Xobeh the Trickster
  4512 | D:5      | Noticed an ice beast
  4530 | D:5      | Reached skill level 2 in Conjurations
  4545 | D:5      | Killed an ice beast
  4546 | D:5      | Reached skill level 1 in Invocations
  4709 | D:5      | Found a shimmering altar of Xom.
  4709 | D:5      | Found a shimmering altar of Xom.
  4771 | D:5      | Found a shimmering altar of Xom.
  4879 | D:5      | Reached skill level 2 in Invocations
  4879 | D:5      | Gained mutation: You have a pair of antennae on your head.
                  | [demonic ancestry]
  4879 | D:5      | Reached XP level 7. HP: 28/53 MP: 11/13
  5072 | D:5      | Learned a level 4 spell: Sticky Flame
  5100 | D:5      | Reached skill level 5 in Alchemy
  5370 | D:5      | Reached skill level 1 in Fire Magic
  5585 | D:5      | Reached skill level 3 in Invocations
  5841 | D:6      | Gained mutation: You are partially covered in sharp spines.
                  | [demonic ancestry]
  5841 | D:6      | Reached XP level 8. HP: 60/60 MP: 10/14
  5895 | D:6      | Reached * piety under Nemelex Xobeh
  6005 | D:6      | Received a gift from Nemelex Xobeh
  6139 | D:6      | HP: 8/61 [steam dragon (7)]
  6143 | D:6      | Reached skill level 2 in Fire Magic
  6340 | D:6      | Reached skill level 4 in Invocations
  6598 | D:7      | Reached skill level 5 in Spellcasting
  6771 | D:4      | Reached skill level 5 in Fighting
  6809 | D:4      | Reached skill level 5 in Invocations
  7114 | D:4      | Identified the +4 quarterstaff "Doosch" {pain, rN+ Int+3}
  7546 | D:7      | Gained mutation: When seriously injured, your blood forms
                  | thick armour. (AC +9) [demonic ancestry]
  7546 | D:7      | Reached XP level 9. HP: 68/68 MP: 10/17
  7825 | D:7      | You fall into a shaft and drop 2 floors!
  7849 | D:9      | Reached ** piety under Nemelex Xobeh
  8046 | D:7      | Noticed Pikel
  8063 | D:7      | Reached skill level 5 in Conjurations
  8069 | D:7      | Killed Pikel
  8070 | D:7      | Reached skill level 6 in Invocations
  8706 | D:7      | Received a gift from Nemelex Xobeh
  8791 | D:7      | Reached skill level 7 in Invocations
  9135 | D:8      | Learned a level 4 spell: Fulminant Prism
  9399 | D:8      | Reached XP level 10. HP: 58/77 MP: 16/19
  9478 | D:8      | Reached *** piety under Nemelex Xobeh
  9478 | D:8      | Received a gift from Nemelex Xobeh
 10339 | D:9      | Noticed Erica
 10345 | D:9      | Killed Erica
 10346 | D:9      | Reached skill level 8 in Invocations
 10529 | D:10     | Entered Level 10 of the Dungeon
 10774 | D:10     | Reached **** piety under Nemelex Xobeh
 10802 | D:10     | Noticed a two-headed ogre
 11115 | D:10     | Found a sacrificial altar of Ru.
 11198 | D:10     | Found a snail-covered altar of Cheibriados.
 11290 | D:10     | Killed a two-headed ogre
 11291 | D:10     | Reached skill level 9 in Invocations
 11291 | D:10     | Gained mutation: You have a pair of large antennae on your
                  | head. (SInv) [demonic ancestry]
 11291 | D:10     | Reached XP level 11. HP: 85/85 MP: 6/22
 11416 | D:11     | Received a gift from Nemelex Xobeh
 11423 | D:11     | Found a staircase to the Lair.
 11432 | D:11     | Found a gate leading to a gauntlet.
 11437 | Gauntlet | Entered a Gauntlet
 11437 | Gauntlet | Found a transporter.
 11446 | Gauntlet | Found a transporter.
 11448 | Gauntlet | Found a transporter.
 11459 | Gauntlet | Found a transporter.
 11470 | Gauntlet | Found a transporter.
 11475 | Gauntlet | Found a transporter.
 11475 | Gauntlet | Noticed a necromancer
 11483 | Gauntlet | Noticed a death yak
 11490 | Gauntlet | Found a transporter.
 11494 | Gauntlet | Noticed a death yak
 11497 | Gauntlet | Noticed a death yak
 11509 | Gauntlet | Found a transporter.
 11521 | Gauntlet | Found a transporter.
 11523 | Gauntlet | Noticed a hell hog
 11529 | Gauntlet | Found a large runed translucent door.
 11530 | Gauntlet | Found a large runed translucent door.
 11531 | Gauntlet | Found a large runed translucent door.
 11531 | Gauntlet | Found a large runed translucent door.
 11532 | Gauntlet | Found a runed translucent gate.
 11533 | Gauntlet | Found a transporter.
 11533 | Gauntlet | Found a runed translucent gate.
 11534 | Gauntlet | Found a runed translucent gate.
 11534 | Gauntlet | Noticed a green death
 11535 | Gauntlet | Found a large runed translucent door.
 11535 | Gauntlet | Found a large runed translucent door.
 11536 | Gauntlet | Found a large runed translucent door.
 11544 | Gauntlet | Found a large runed translucent door.
 11552 | Gauntlet | Found a transporter.
 11561 | Gauntlet | Noticed a thrashing horror
 11564 | Gauntlet | Found a transporter.
 11574 | Gauntlet | Noticed a thrashing horror
 11581 | Gauntlet | Found a transporter.
 11594 | Gauntlet | Received a gift from Nemelex Xobeh
 11599 | Gauntlet | Found a transporter.
 11603 | Gauntlet | Found a transporter.
 11629 | Gauntlet | Found a transporter.
 11703 | Gauntlet | Found a large runed translucent door.
 11703 | Gauntlet | Found a large runed translucent door.
 11703 | Gauntlet | Found a runed translucent door.
 11703 | Gauntlet | Found a runed translucent door.
 11704 | Gauntlet | Found a large runed translucent door.
 11705 | Gauntlet | Found a large runed translucent door.
 11707 | Gauntlet | Found a transporter.
 11723 | Gauntlet | Found a large runed translucent door.
 11723 | Gauntlet | Found a large runed translucent door.
 11724 | Gauntlet | Found a large runed translucent door.
 11725 | Gauntlet | Found a large runed translucent door.
 11727 | Gauntlet | Found a transporter.
 12028 | Gauntlet | Identified the +3 hat of the Trombone {Rampage}
 12048 | Gauntlet | Identified the +4 war axe "Arcanum" {protect, rCorr Int+2}
 12048 | Gauntlet | Noticed a minotaur
 12052 | Gauntlet | Killed a minotaur
 12084 | D:11     | Noticed a purple ugly thing
 12115 | D:10     | Killed a purple ugly thing
 12446 | D:11     | Reached skill level 10 in Invocations
 12711 | D:11     | Noticed a two-headed ogre
 12737 | D:11     | Killed a two-headed ogre
 13071 | Lair:1   | Entered Level 1 of the Lair of Beasts
 13231 | Lair:1   | Received a gift from Nemelex Xobeh
 13268 | Lair:1   | Reached ***** piety under Nemelex Xobeh
 13426 | Lair:1   | Noticed Amaemon
 13432 | Lair:1   | Reached skill level 2 in Dodging
 13444 | Lair:1   | Killed Amaemon
 13445 | Lair:1   | Reached skill level 1 in Armour
 13453 | Lair:1   | Reached XP level 12. HP: 95/95 MP: 1/24
 13600 | Lair:1   | Identified a scroll of acquirement
 13601 | Lair:1   | Acquired a book of Power
 13686 | Lair:1   | Noticed a death yak
 13686 | Lair:1   | Noticed a death yak
 13686 | Lair:1   | Noticed a death yak
 13694 | Lair:1   | Noticed a death yak
 13694 | Lair:1   | Noticed a death yak
 13695 | Lair:1   | Noticed a death yak
 13697 | Lair:1   | Killed a death yak
 13703 | Lair:1   | Killed a death yak
 13704 | Lair:1   | Reached skill level 2 in Armour
 13711 | Lair:1   | HP: 5/95 [death yak (19)]
 13712 | Lair:1   | Killed a death yak
 13713 | Lair:1   | Reached skill level 11 in Invocations
 13715 | Lair:1   | Killed a death yak
 13716 | Lair:1   | Killed a death yak
 13717 | Lair:1   | HP: 7/95 [death yak (16)]
 13717 | Lair:1   | Killed a death yak
 14228 | Lair:2   | Received a gift from Nemelex Xobeh
 14231 | Lair:2   | You fall into a shaft and drop 1 floor!
 14301 | Lair:3   | Found a staircase to the Shoals.
 14390 | Lair:3   | Reached skill level 10 in Alchemy
 14486 | Lair:2   | Received a gift from Nemelex Xobeh
 14524 | Lair:2   | Noticed Harold
 14536 | Lair:2   | Killed Harold
 14633 | Lair:2   | Reached skill level 1 in Long Blades
 14861 | Lair:2   | Noticed a six-headed hydra
 14875 | Lair:2   | Killed a five-headed hydra
 15003 | Lair:2   | Noticed a five-headed hydra
 15015 | Lair:2   | Killed a five-headed hydra
 15140 | Lair:2   | Reached XP level 13. HP: 95/103 MP: 19/26
 15171 | Lair:2   | Found a hole to the Spider Nest.
 15613 | Lair:3   | Reached skill level 2 in Long Blades
 15642 | Lair:3   | Received a gift from Nemelex Xobeh
 15739 | Lair:3   | Received a gift from Nemelex Xobeh
 15758 | Lair:3   | Reached skill level 10 in Fighting
 16246 | Lair:4   | Reached skill level 12 in Invocations
 16376 | Lair:4   | Noticed Urug
 16395 | Lair:4   | Killed Urug
 16505 | Lair:4   | Found a staircase to the Slime Pits.
 16509 | Lair:4   | Found a viscous altar of Jiyva.
 16676 | Lair:4   | Identified the +8 sling "Piyhu Fui" {flame, Fly Str-3
                  | Dex+2}
 16707 | Lair:4   | Received a gift from Nemelex Xobeh
 16916 | Lair:4   | Reached skill level 5 in Dodging
 16958 | Lair:4   | Found a runed translucent door.
 17636 | Lair:5   | Entered Level 5 of the Lair of Beasts
 17671 | Lair:5   | Noticed Sonja
 17685 | Lair:5   | Killed Sonja
 17739 | Lair:5   | Reached skill level 10 in Conjurations
 17777 | Lair:5   | Reached skill level 5 in Armour
 17892 | Lair:5   | Noticed Nessos
 17899 | Lair:5   | Reached skill level 10 in Spellcasting
 17902 | Lair:5   | Killed Nessos
 17903 | Lair:5   | Reached XP level 14. HP: 57/111 MP: 17/28
 18111 | Lair:5   | Received a gift from Nemelex Xobeh
 18234 | Lair:5   | Noticed Rupert
 18279 | Lair:5   | HP: 3/111 [Rupert/+1 great sword of holy wrath (20)]
 18282 | Lair:5   | Identified the +0 trident "Hatuic" {drain, rF+ rN++ Will-
                  | MP+9}
 18287 | Lair:5   | Identified the -1 hand axe of Urgency {speed, rPois rF-
                  | Str+2 Dex+2}
 18292 | Lair:5   | Killed Rupert
 18421 | Lair:5   | Reached skill level 13 in Invocations
 19257 | D:12     | Found Lubyli's Armour Boutique.
 19274 | D:12     | Found a staircase to the Orcish Mines.
 19357 | D:12     | Bought a +0 buckler for 49 gold pieces
 19434 | D:12     | Received a gift from Nemelex Xobeh
 19494 | D:12     | Found the ring of the Mage {Wiz Archmagi}
 19973 | D:13     | Reached skill level 1 in Shields
 20114 | D:13     | Reached skill level 5 in Long Blades
 20239 | D:13     | Annihilated by an enormous slime creature

Illustrated notes

Levels and vault maps discovered:
D:1:      evilmike_arrival_plus, layout_loops_corners, minmay_misc_feat_hallway
D:2:      layout_basic, grunt_decor_arrowhead
D:3:      layout_loops_ring, gammafunk_ghost_split,
          hellmonk_ecumenical_altar_prayer_group
D:4:      layout_basic, serial_corexii_hall, chequers_hall_statues_corner_a,
          corexii_hall_statues_t, chequers_hall_statues_wall_a,
          chequers_hall_statues_y
D:5:      minmay_razor_zed, layout_loops_ring, xom_redecorated,
          minmay_temple_entry_statues_pillars
D:6:      layout_cave_pools
D:7:      layout_basic, st_stairs_14, grunt_ministairs_15, uniq_pikel
D:8:      layout_gridville, skrybe_limestone_x
D:9:      layout_irregular_city, minmay_misc_feat_square, uniq_erica
D:10:     layout_cave_pools, mainiacjoe_overflow_surrounded_room,
          mainiacjoe_overflow_brackets, serial_column_ruins,
          column_ruins_circle_medium, column_ruins_grid_1,
          column_ruins_open_large, column_ruins_columns_water,
          column_ruins_grid_2, column_ruins_open_tiny
D:11:     layout_basic, lair_entry_dummy, gauntlet_entry_generic
D:12:     layout_basic, orc_david_3
D:13:     layout_loops_ring, minmay_guarded_unrand_finisher, uniq_erolcha
Temple:   compressed_dpeg_triangle_lava_temple
Lair:1:   layout_concentric_octagons, beast_lair_carwin_11, uniq_amaemon
Lair:2:   beast_lair_carwin_large_2, layout_long_grid, spider_nest_entry_a,
          chequers_serial_rivers_small_b, infiniplex_staircase_pool, uniq_harold
Lair:3:   layout_cave_pods, minmay_shoals_entry_hut, kennysheep_basilisk_garden
Lair:4:   layout_hall_layers, slime_entry_1, pf_torpor_hydra,
          grunt_megastairs_2, lemuel_fruit_fields, lemuel_fruit_tree, uniq_urug
Lair:5:   grunt_lair_end_beastmaster, layout_misc_corridors, uniq_rupert,
          uniq_sonja, uniq_nessos

Skill      XL: |  1  2  3  4  5  6  7  8  9 10 11 12 13 14 |
---------------+-------------------------------------------+-----
Fighting       | 1 2 3 4 5 6 7 9 10 11 | 11.1
Spellcasting   | 3 4 5 6 7 8 9 10 | 10.4
Alchemy        | 4 5 6 7 8 9 10 11 | 11.0
Conjurations   | 2 3 4 5 7 8 9 10 | 10.6
Invocations    | 2 3 5 7 9 10 11 12 13 | 13.3
Fire Magic     | 1 2 |  2.0
Dodging        | 2 4 5 6 |  6.3
Armour         | 1 3 5 6 |  6.0
Long Blades    | 1 4 5 |  5.0
Shields        | 1 |  1.2
Stealth        | |  1.7

Action                     |  1- 3 |  4- 6 |  7- 9 | 10-12 | 13-15 || total
---------------------------+-------+-------+-------+-------+-------++-------
  Melee: Unarmed           |    13 |       |       |       |       ||    13
         Falchion          |    17 |    60 |    51 |       |       ||   128
         Punch             |     1 |     2 |     2 |     2 |     2 ||     9
         Scimitar          |       |       |    33 |   171 |   209 ||   413
         Staff             |       |       |       |     5 |       ||     5
  Throw: Stone             |       |       |     2 |       |       ||     2
   Cast: Sting             |    60 |    78 |    34 |    13 |     9 ||   194
         Mercury Vapours   |     3 |    13 |    19 |    12 |     8 ||    55
         Olgreb's Toxic Ra |       |     1 |    15 |    37 |    49 ||   102
         Mephitic Cloud    |       |     1 |     2 |     7 |    13 ||    23
         Sticky Flame      |       |       |    20 |    38 |    64 ||   122
         Fulminant Prism   |       |       |       |    13 |    12 ||    25
 Invoke: Draw Escape       |       |       |     1 |     1 |       ||     2
         Draw Destruction  |       |       |       |     4 |     2 ||     6
         Draw Summoning    |       |       |       |     4 |     4 ||     8
         Stack Five        |       |       |       |       |     1 ||     1
  Evoke: Wand              |       |       |       |     1 |     1 ||     2
    Use: Potion            |       |     6 |     2 |     1 |       ||     9
         Scroll            |       |       |     9 |     9 |     6 ||    24
   Stab: Sleeping          |       |       |     4 |     1 |       ||     5
         Confused          |       |       |       |     1 |       ||     1
 Armour: Robe              |    27 |    89 |    67 |   115 |   154 ||   452
         Skin              |       |     5 |     3 |       |       ||     8
         Acid dragon scale |       |       |       |    32 |    33 ||    65
  Dodge: Dodged            |    25 |    57 |   116 |   207 |   263 ||   668
  Block: Buckler           |       |       |       |       |    15 ||    15
